 Dungeon Crawl Stone Soup version 0.31-a0-221-gbddc013574 (webtiles) character file.

Game seed: 582512202513298921

205 qw the Shooter (level 5, 0/45 HPs)
             Began as a Minotaur Hexslinger on July 4, 2023.
             Killed from afar by Grinder (12 damage)
             ... with a puff of flame
             ... on level 3 of the Dungeon.
             The game lasted 00:01:02 (2202 turns).

qw the Shooter (Minotaur Hexslinger)                Turns: 2202, Time: 00:01:03

Health: 0/45       AC:  6    Str: 12    XL:     5   Next: 52%
Magic:  5/5        EV: 16    Int: 10    God:
Gold:   86         SH:  0    Dex: 21    Spells: 5/6 levels left

rFire   . . .        f - +1 sling
rCold   . . .        (no shield)
rNeg    . . .        e - +1 ring mail {rPois}
rPois   +            (helmet restricted)
rElec   .            (no cloak)
rCorr   .            (no gloves)
SInv    .            (no boots)
Will    .....        (no amulet)
Stlth   +            a - +6 ring of dexterity
HPRegen 0.27/turn    c - +5 ring of evasion
MPRegen 0.09/turn

%: no passive effects
@: about to teleport
A: horns 2, retaliatory headbutt
a: no special abilities


You were on level 3 of the Dungeon.
You visited 1 branch of the dungeon, and saw 3 of its levels.

You collected 109 gold pieces.
You spent 23 gold pieces at shops.


Innate Abilities, Weirdness & Mutations

You have a pair of horns on your head.
You reflexively headbutt those who attack you in melee.


   Skills:
 - Level 3.0 Fighting
 + Level 5.5 Ranged Weapons
 - Level 1.5 Armour
 - Level 2.1 Dodging
 - Level 1.0 Spellcasting
 - Level 2.0 Hexes


You had 5 spell levels left.
You knew the following spells:

 Your Spells              Type           Power      Damage    Failure   Level
a - Slow                  Hex            16%        N/A       32%         1

Your spell library contained the following spells:

 Spells                   Type           Power      Damage    Failure   Level
 Inner Flame              Hex/Fire       2%         N/A       83%         3
 Portal Projectile        Hex/Tloc       4%         N/A       83%         3
 Cause Fear               Hex            2%         N/A       97%         4

Inventory:

Hand Weapons
 f - a +1 sling (weapon)
Armour
 b - the +3 robe "Isaran" {Will- Regen+ Stlth+}
   (You found it on level 2 of the Dungeon)

   Regen:     It increases your rate of health regeneration.
   Will:      It decreases your willpower.
   Stlth:     It makes you more stealthy.
 e - a +1 ring mail of poison resistance (worn)
Jewellery
 a - a +6 ring of dexterity (left hand)
 c - a +5 ring of evasion (right hand)
Scrolls
 j - a scroll of identify
Potions
 g - a potion of heal wounds {unknown}
 h - a potion of haste {unknown}
 i - a potion of curing
 k - a potion of might {unknown}

Dungeon Overview and Level Annotations

Branches:
Dungeon (3/15)

Altars:

Shops:
D:1 *

Annotations:
D:3 Grinder


Message History

HP restored.
Things that are here:
a +0 dagger of venom; a goblin corpse
Enter note:
Things that are here:
a +1 mace of protection; a +0 scale mail; the human corpse of Terence
Enter note: Grinder is nearby!
You shoot a sling bullet.
Grinder shouts!
The sling bullet hits Grinder.
Grinder is lightly wounded.
Grinder blinks!
You shoot a sling bullet. The sling bullet hits Grinder!
Grinder is moderately wounded.
Grinder gestures at you. Pain shoots through your body!
You shoot a sling bullet.
The sling bullet hits Grinder but does no damage.
Grinder is moderately wounded.
You shoot a sling bullet. The sling bullet hits Grinder.
Grinder is moderately wounded.
Grinder blinks!
Grinder zaps a wand.
The puff of flame hits you!
You shoot a sling bullet. The sling bullet hits Grinder.
Grinder is moderately wounded.
Grinder zaps a wand.
The puff of flame hits you!
You shoot a sling bullet. The sling bullet hits Grinder.
Grinder is heavily wounded.
Grinder gestures at you. Pain shoots through your body!
You shoot a sling bullet. The sling bullet hits Grinder.
Grinder is heavily wounded.
Grinder zaps a wand.
The puff of flame hits you.
2201 ||| READING scroll of teleportation.
As you read the scroll of teleportation, it crumbles to dust.
You feel strangely unstable.
You shoot a sling bullet.
The sling bullet closely misses Grinder.
Grinder zaps a wand.
The puff of flame hits you!
You die...

####.###.)...#.#
..###.#.#......#
######.# ##.###[..###
#......# ### #...#
#......### #.).#
#5......######...### ..
#.?.................
....#.#.................
#...@.)#........<....
#....).#.######...###
###.........# #...#
###.#####># #...#
#.#####.###...#
..##.[........#
##.##.##%###...# #.##
#.# #...# #.. ..# #####


You could see Grinder.

Vanquished Creatures
  An orc priest (D:3)
  Terence (D:3)
  An orc wizard (D:2)
  4 gnolls (D:3)
  3 adders
  A worm (D:3)
  2 dart slugs
  3 orcs (D:3)
  3 endoplasms (D:2)
  2 giant cockroaches
  5 hobgoblins
  3 jackals (D:2)
  A quokka (D:2)
  4 ball pythons
  4 bats
  4 frilled lizards
  5 goblins
  5 kobolds
  5 rats
57 creatures vanquished.

Notes
Turn   | Place    | Note
-------+----------+-------------------------------------------
     0 | D:1      | qw the Minotaur Hexslinger began the quest for the Orb.
     0 | D:1      | Reached XP level 1. HP: 16/16 MP: 1/1
     0 | D:1      | 0 ||| qw: Version: 0.3-a-41-g9d075ac
     0 | D:1      | 0 ||| qw: Game counter: 806
     0 | D:1      | 0 ||| qw: Melee chars always use a shield: true
     0 | D:1      | 0 ||| qw: God list: Okawaru
     0 | D:1      | 0 ||| qw: Allow faded altars: false
     0 | D:1      | 0 ||| qw: Do Orc after clearing Dungeon:15 true
     0 | D:1      | 0 ||| qw: Do second Lair branch before Depths: true
     0 | D:1      | 0 ||| qw: Lair rune preference: random
     0 | D:1      | 0 ||| qw: Goals: Normal
     0 | D:1      | 0 ||| PLANNING D:1-11
   114 | D:1      | Reached skill level 3 in Ranged Weapons
   114 | D:1      | Reached XP level 2. HP: 19/23 MP: 2/2
   184 | D:1      | Found Ciogran's Assorted Antiques.
   191 | D:1      | 191 ||| SHOPLISTING 2 scrolls labelled CYNKET XAXTISM (52
                  | gold, have 24).
   191 | D:1      | 191 ||| BUYING metallic clear potion (23 gold).
   191 | D:1      | Bought a metallic clear potion for 23 gold pieces
   191 | D:1      | 191 ||| SHOPLISTING murky green potion (23 gold, have 1).
   191 | D:1      | 191 ||| SHOPLISTING pair of gloves (117 gold, have 1).
   191 | D:1      | 191 ||| SHOPLISTING scroll labelled CADAGHI EGRUN (26 gold,
                  | have 1).
   191 | D:1      | 191 ||| SHOPLISTING scroll labelled CUTUUD UVUTU (26 gold,
                  | have 1).
   578 | D:1      | 578 ||| UPGRADING to +1 ring mail of poison resistance.
   588 | D:1      | 588 ||| DROPPING +0 robe.
   589 | D:1      | 589 ||| UPGRADING to +5 ring of evasion.
   590 | D:1      | 590 ||| READING scroll labelled CYNKET XAXTISM.
   595 | D:1      | 595 ||| READING scroll labelled YTHRAY JOIKI.
   596 | D:1      | 596 ||| READING 2 scrolls labelled YLOIGO TEBAESAA.
   597 | D:1      | 597 ||| DROPPING scroll of poison.
   722 | D:2      | Found a faded altar of an unknown god.
   985 | D:2      | Reached XP level 3. HP: 29/29 MP: 3/3
  1097 | D:2      | Identified the +0 scale mail "Ceozea" {*Slow +Inv rC+
                  | rN+++}
  1234 | D:2      | Reached skill level 4 in Ranged Weapons
  1389 | D:2      | Identified the +3 robe "Isaran" {Will- Regen+ Stlth+}
  1422 | D:2      | Reached skill level 1 in Armour
  1527 | D:2      | 1527 ||| UPGRADING to ring of protection from cold.
  1528 | D:2      | 1528 ||| DRINKING 2 smoky brown potions.
  1529 | D:2      | 1529 ||| DROPPING potion of brilliance.
  1562 | D:3      | Reached XP level 4. HP: 21/36 MP: 4/4
  1668 | D:3      | 1668 ||| FLEEEEING.
  1670 | D:3      | 1670 ||| STAIRDANCE
  1689 | D:2      | 1689 ||| UPGRADING to +6 ring of dexterity.
  1691 | D:2      | 1691 ||| UPGRADING to +5 ring of evasion.
  1693 | D:2      | 1693 ||| DROPPING ring of protection from cold.
  1725 | D:3      | Reached skill level 5 in Ranged Weapons
  1725 | D:3      | Reached XP level 5. HP: 24/41 MP: 5/5
  1730 | D:3      | 1730 ||| FLEEEEING.
  1731 | D:3      | 1731 ||| FLEEEEING.
  1732 | D:3      | 1732 ||| FLEEEEING.
  1733 | D:3      | 1733 ||| FLEEEEING.
  1737 | D:3      | 1737 ||| STAIRDANCE
  1839 | D:2      | 1839 ||| DROPPING +4 ring of protection.
  1853 | D:3      | 1853 ||| STAIRDANCE
  1855 | D:3      | 1855 ||| STAIRDANCE
  2097 | D:3      | Reached skill level 3 in Fighting
  2113 | D:3      | Noticed Terence
  2126 | D:3      | Killed Terence
  2154 | D:3      | Noticed Grinder
  2155 | D:3      | 2155 ||| FLEEEEING.
  2200 | D:3      | HP: 11/45 [Grinder/puff of flame (5)]
  2201 | D:3      | 2201 ||| READING scroll of teleportation.
  2202 | D:3      | Killed from afar by Grinder

Levels and vault maps discovered:
D:1:      dpeg_arrival_morbid_curiosity, layout_rooms, serial_shops,
          nicolae_shop_crystal, minmay_misc_feat_rugged
D:2:      layout_loops_corners, shapermc_ecumenical_altar_mp_highgroup
D:3:      layout_loops_cross, uniq_terence, uniq_grinder

Skill      XL: |  1  2  3  4  5 |
---------------+----------------+-----
Ranged Weapons | 3 4 5 |  5.5
Fighting       | 2 3 |  3.0
Armour         | 1 |  1.5
Dodging        | |  2.1
Spellcasting   | |  1.0
Hexes          | |  2.0

Action                     |  1- 3 |  4- 6 || total
---------------------------+-------+-------++-------
   Fire: Sling             |   130 |    87 ||   217
    Use: Scroll            |     3 |     1 ||     4
         Potion            |     1 |       ||     1
 Armour: Robe              |     3 |       ||     3
         Ring mail         |    20 |    14 ||    34
  Dodge: Dodged            |    52 |    35 ||    87

Table legend:
 A = Non-vault XP
 B = Vault XP
 C = Vault XP percentage of total XP
 D = Non-vault monster count
 E = Vault monster count
 F = Vault count percentage of total count
                 A         B        C        D         E       F
            +---------+---------+-------+---------+---------+-------
      Total |     249 |      44 |  15.0 |      51 |       6 |  10.5
            +---------+---------+-------+---------+---------+-------
        D:1 |      20 |       8 |  28.6 |      13 |       5 |  27.8
        D:2 |      95 |       0 |   0.0 |      22 |       0 |   0.0
        D:3 |     134 |      36 |  21.2 |      16 |       1 |   5.9
            +---------+---------+-------+---------+---------+-------
